 Dungeon Crawl Stone Soup version 0.28-a0-1389-gc726bef33b (webtiles) character file.

Game seed: 17145452455044235473

6015 Grim the Bludgeoner (level 10, -7/136 HPs)
             Began as a Minotaur Berserker on Jan 3, 2022.
             Was an Elder of Trog.
             Mangled by an orc warrior (15 damage)
             ... on level 10 of the Dungeon.
             The game lasted 00:11:02 (11252 turns).

Grim the Bludgeoner (Minotaur Berserker)           Turns: 11252, Time: 00:11:03

Health: -7/136     AC: 15    Str: 22    XL:     10   Next: 56%
Magic:  9/9        EV:  7    Int:  8    God:    Trog [****..]
Gold:   573        SH:  0    Dex: 10    Spells: 9/9 levels left

rFire   . . .      SeeInvis .   y - +1 flail (vorpal)
rCold   . . .      Faith    .   (no shield)
rNeg    + . .      Spirit   .   J - +0 plate armour
rPois   .          Reflect  .   (helmet restricted)
rElec   .          Harm     .   L - +0 cloak
rCorr   .          Rampage  .   (no gloves)
Will    ++...                   (no boots)
Stlth   ..........              (no amulet)
HPRegen 1.32/turn               E - ring of positive energy
MPRegen 0.11/turn               K - +4 ring of slaying

@: berserking, strong-willed, regenerating, very quick
A: horns 2, retaliatory headbutt
a: Renounce Religion, Berserk, Trog's Hand, Brothers in Arms


You were on level 10 of the Dungeon.
You worshipped Trog.
Trog was greatly pleased with you.
You visited 1 branch of the dungeon, and saw 10 of its levels.
You also visited: Ossuary.

You collected 573 gold pieces.

Inventory:

Hand Weapons
 y - a +1 vorpal flail (weapon)
Missiles
 b - a curare-tipped dart
 n - 5 silver javelins (quivered)
 r - 57 poisoned darts
Armour
 J - a +0 plate armour (worn)
 L - a +0 cloak (worn)
Jewellery
 a - a ring of protection from cold
 u - a ring of fire
 E - a ring of positive energy (left hand)
 K - a +4 ring of slaying (right hand)
Wands
 x - a wand of polymorph (2)
 H - a wand of charming (9)
 I - a wand of paralysis (2)
Scrolls
 f - 2 scrolls of amnesia
 h - 3 scrolls of fear
 i - a scroll of fog {unknown}
 s - 2 scrolls of immolation
 v - 2 scrolls of magic mapping
 F - a scroll of brand weapon
 G - a scroll of noise {unknown}
Potions
 c - 5 potions of brilliance
 d - 4 potions of curing
 e - 2 potions of haste
 g - 2 potions of lignification
 l - 3 potions of heal wounds
 o - 4 potions of cancellation
 p - 2 potions of invisibility
 q - 2 potions of attraction
 t - 4 potions of mutation {!q}
 w - a potion of might {unknown}
 z - 2 potions of ambrosia
 B - 2 potions of berserk rage
 C - 3 potions of degeneration {!q}
 D - 4 potions of flight


   Skills:
 + Level 9.3 Fighting
 - Level 15.0 Maces & Flails
 + Level 8.9 Armour
 - Level 2.1 Dodging


You had 9 spell levels left.
You didn't know any spells.
Your spell library was empty.

Dungeon Overview and Level Annotations

Branches:
Dungeon (10/15)            Temple (0/1) D:7         Ossuary (visited)
   Lair: D:8-11         Orc: D:9-12

Altars:
Cheibriados
Dithmenos
Elyvilon
Gozag
Hepliaklqana
Makhleb
Sif Muna
Trog
Uskayaw
Vehumet
Zin
Beogh

Shops:
D:3 [


Innate Abilities, Weirdness & Mutations

You have a pair of horns on your head.
You reflexively headbutt those who attack you in melee.


Message History

* * * LOW HITPOINT WARNING * * *
Your Fighting skill increases to level 9!
Unknown command.
You are too injured to fight recklessly!
You are too injured to fight recklessly!
You completely miss the orc priest.
The orc warrior hits you but does no damage.
You sock the orc priest!
You kill the orc priest!
Trog accepts your kill.
Unknown command.
You bludgeon the orc warrior!! Your headbutt misses the orc warrior.
The orc warrior is almost dead.
The orc warrior hits you with a +0 dire flail!
* * * LOW HITPOINT WARNING * * *
The orc warrior hits you from afar with a +0 glaive!
* * * LOW HITPOINT WARNING * * *
The orc hits you but does no damage.
You closely miss the orc warrior.
The orc warrior is almost dead.
The orc hits you but does no damage.
You hit the orc warrior.
You kill the orc warrior!
Trog accepts your kill.
The orc warrior hits you from afar with a +0 glaive.
* * * LOW HITPOINT WARNING * * *
The orc hits you but does no damage.
Unknown command.
You bludgeon the orc!!
You kill the orc!
Trog accepts your kill. The orc completely misses you. You furiously retaliate!
You headbutt the orc!
You feel the power of Trog in you as your rage grows.
You kill the orc!
Trog accepts your kill.
You thump the orc priest!
You kill the orc priest!
Trog accepts your kill.
The orc warrior hits you from afar with a +0 glaive!
You die...

.# #...#
#..8########.>......
.# #...#
#...#.....8######...
.# #...# #...#..##..
#... .# #...#
#...#..#8.. #... .#
#...# #...#..##..
#... .# #...#
#...#.#.... #... .#
#...# #...o.#...[
#... .# #...#
#>.)o.#.8._ #... .#
#...# #..@h.#...[
#... .# #...#
#..)#.#.... #... .#
#...# #...#oo##..
#... .# #...#
#...#..#8.. #... .#
#...# #...#..##..
#... .# #...#
#...#.....8 #... .#
#...# #))8#######
#... .# #...#
#)####...# #...
.######...# #)#
#...########...


You could see a warg, 2 orc warriors and 2 orcs.

Vanquished Creatures
  Snorg (D:10)
  The ghost of HessuHobo the Grappler, a novice DrTm of Yredelemnul (D:10)
  Maggie (D:8)
  A gargoyle (D:9)
  A kobold demonologist (D:10)
  A troll (D:9)
  2 wyverns
  A steam dragon (D:8)
  2 water moccasins
  A black bear (D:6)
  3 orc warriors
  An ice beast (D:7)
  A necrophage (D:6)
  An ogre (D:5)
  4 centaurs
  3 kobold brigands (D:10)
  3 bullfrogs (D:7)
  A gnoll sergeant (D:7)
  A wyvern zombie (D:8)
  A water moccasin zombie (D:6)
  4 killer bees (D:5)
  2 howler monkeys
  2 jellies
  2 bullfrog zombies (D:5)
  A centaur zombie (D:6)
  2 centaur skeletons
  A bullfrog skeleton (D:6)
  5 orc priests
  2 hounds
  Terence (D:2)
  2 gnoll shamans
  Ijyb (D:5)
  5 iguanas
  5 orc wizards
  3 hound zombies (D:5)
  8 mummies (Ossuary)
  Robin (D:2)
  A howler monkey zombie (D:9)
  14 gnolls
  10 adders
  A shadow imp (D:5)
  A white imp (D:5)
  An adder skeleton (D:4)
  2 worms
  A dart slug (D:4)
  28 orcs
  4 endoplasms
  4 giant cockroaches
  10 goblins
  5 hobgoblins
  4 quokkas
  5 ball pythons
  4 bats
  A frilled lizard (D:2)
  2 goblin zombies (D:7)
  A hobgoblin zombie (Ossuary)
  9 kobolds
  6 kobold zombies (Ossuary)
  An orc zombie (Ossuary)
  7 rats
  A spectral kobold (D:1)
201 creatures vanquished.

Notes
Turn   | Place    | Note
-------+----------+-------------------------------------------
     0 | D:1      | Grim the Minotaur Berserker began the quest for the Orb.
     0 | D:1      | Reached XP level 1. HP: 19/19 MP: 0/0
    64 | D:1      | Reached skill level 4 in Maces & Flails
   370 | D:1      | Found a faded altar of an unknown god.
   377 | D:1      | Reached XP level 2. HP: 25/25 MP: 1/1
   555 | D:1      | Reached skill level 5 in Maces & Flails
   555 | D:1      | Reached XP level 3. HP: 30/31 MP: 2/2
  1230 | D:2      | Reached ** piety under Trog
  1232 | D:2      | Noticed Terence
  1239 | D:2      | Killed Terence
  1525 | D:2      | Reached XP level 4. HP: 38/39 MP: 3/3
  1544 | D:2      | Reached skill level 6 in Maces & Flails
  1548 | D:2      | Noticed Robin
  1551 | D:2      | Killed Robin
  1851 | D:3      | Found Xiddeum's Armour Emporium.
  2424 | D:4      | Found a bloodstained altar of Trog.
  2554 | D:4      | Reached skill level 7 in Maces & Flails
  2554 | D:4      | Reached XP level 5. HP: 38/45 MP: 4/4
  2940 | D:4      | Reached skill level 8 in Maces & Flails
  3586 | D:5      | Entered Level 5 of the Dungeon
  3594 | D:5      | Reached XP level 6. HP: 42/51 MP: 5/5
  3663 | D:5      | Reached skill level 9 in Maces & Flails
  4012 | D:5      | Found a snail-covered altar of Cheibriados.
  4022 | D:5      | Reached XP level 7. HP: 57/57 MP: 6/6
  4026 | D:5      | Found an opulent altar of Gozag.
  4044 | D:5      | Reached skill level 10 in Maces & Flails
  4044 | D:5      | Noticed a wyvern
  4049 | D:5      | Killed a wyvern
  4342 | D:5      | Found a hazy altar of Hepliaklqana.
  4385 | D:5      | Noticed Ijyb
  4411 | D:5      | Killed Ijyb
  4448 | D:5      | Reached skill level 11 in Maces & Flails
  5150 | D:6      | Reached XP level 8. HP: 33/64 MP: 7/7
  5321 | D:6      | Reached *** piety under Trog
  5364 | D:6      | Reached skill level 12 in Maces & Flails
  5971 | D:6      | Reached skill level 13 in Maces & Flails
  6411 | D:7      | Reached skill level 14 in Maces & Flails
  6485 | D:7      | Found a sand-covered staircase.
  6495 | Ossuary  | Entered an ossuary
  6764 | Ossuary  | Reached XP level 9. HP: 62/70 MP: 8/8
  7336 | D:7      | Found a staircase to the Ecumenical Temple.
  7382 | D:7      | Reached **** piety under Trog
  7989 | D:7      | Found a burning altar of Makhleb.
  8070 | D:8      | Reached skill level 15 in Maces & Flails
  8126 | D:8      | Found a shimmering blue altar of Sif Muna.
  8285 | D:8      | Found a shadowy altar of Dithmenos.
  8299 | D:8      | Noticed Maggie
  8312 | D:8      | Killed Maggie
  8313 | D:8      | Reached skill level 5 in Fighting
  8741 | D:8      | Reached skill level 5 in Armour
  9228 | D:8      | Found a radiant altar of Vehumet.
  9487 | D:9      | Found a white marble altar of Elyvilon.
  9574 | D:9      | Found a glowing silver altar of Zin.
  9886 | D:9      | Noticed a gargoyle
  9892 | D:9      | Killed a gargoyle
 10013 | D:9      | Found a hide-covered altar of Uskayaw.
 10014 | D:9      | Noticed a +0 hand axe
 10014 | D:9      | Noticed a +0 hand axe
 10017 | D:9      | Noticed a troll
 10026 | D:9      | Killed a troll
 10027 | D:9      | Reached XP level 10. HP: 60/86 MP: 9/9
 10294 | D:10     | Entered Level 10 of the Dungeon
 10566 | D:10     | Found a runed translucent gate.
 10694 | D:10     | Noticed HessuHobo's ghost (novice DrTm)
 10697 | D:10     | Found a runed translucent gate.
 10698 | D:10     | Found a runed translucent gate.
 10700 | D:10     | Identified the +11 plate armour "Dautiygg" {Rampage rN+
                  | rCorr}
 10959 | D:10     | Noticed Snorg
 10973 | D:10     | Killed Snorg
 11245 | D:10     | Killed HessuHobo's ghost
 11252 | D:10     | Mangled by an orc warrior

Illustrated notes

Levels and vault maps discovered:
D:1:      dpeg_arrival_round_a, layout_basic,
          dreamdust_ecumenical_altar_drowned_temple
D:2:      layout_rooms, minmay_heptomino_w4, uniq_terence, uniq_robin
D:3:      layout_loops_ring, serial_shops, shop, kennysheep_big_empty_room
D:4:      layout_basic, mainiacjoe_overflow_alcove_1, palyth_stone_intersect,
          minmay_checkerbox
D:5:      layout_basic, overflow_temple_1_default, grunt_gozag_statues,
          mainiacjoe_overflow_chevrons, uniq_ijyb
D:6:      layout_loops_ring, kennysheep_generic_room_16
D:7:      layout_loops_ring, lightli_temple_of_fire,
          minmay_temple_entry_large_hall, enter_ossuary_4
D:8:      layout_basic, nicolae_overflow_hidden_temple,
          mainiacjoe_overflow_concentric_impassable,
          mainiacjoe_overflow_tiny_flanked, uniq_maggie
D:9:      layout_basic, dancing_weapons_uskayaw, kennysheep_another_room,
          hangedman_feature_mirror, kennysheep_generic_room_4
D:10:     layout_long_grid, biasface_ghost_orc_armoury, uniq_snorg

Skill      XL: |  1  2  3  4  5  6  7  8  9 10 |
---------------+-------------------------------+-----
Maces & Flails | 4 5 7 8 9 11 14 15 | 15.0
Fighting       | 7 9 |  9.3
Armour         | 6 8 |  8.9
Dodging        | |  2.1

Action                   |  1- 3 |  4- 6 |  7- 9 | 10-12 || total
-------------------------+-------+-------+-------+-------++-------
Melee: Mace              |    31 |    94 |    64 |       ||   189
       Headbutt          |     4 |    13 |    58 |     8 ||    83
       Flail             |    26 |    10 |   233 |    62 ||   331
       Unarmed           |       |       |    16 |       ||    16
Invok: Berserk           |     1 |     2 |     8 |     3 ||    14
       Trog's Hand       |       |       |       |     1 ||     1
  Use: Scroll            |       |       |    17 |     1 ||    18
Armor: Animal skin       |    10 |       |       |       ||    10
       Chain mail        |     3 |    39 |    83 |       ||   125
       Plate armour      |       |       |    22 |    37 ||    59
Dodge: Dodged            |    34 |    44 |    72 |    17 ||   167

Table legend: (Time is in decaauts)
 A = Elapsed time spent in this place.
 B = Non-inter-level travel time spent in this place.
 C = Inter-level travel time spent in this place.
 D = Time resting spent in this place.
 E = Time spent auto-exploring this place.
 F = Levels seen in this place.
 G = Mean time per level.
                   A        B        C        D        E       F      G
               +--------+--------+--------+--------+--------+-----+--------+
         Total |  11275 |  10915 |    360 |   3028 |   6696 |  11 | 1025.0 |
       Dungeon |  10844 |  10484 |    360 |   2891 |   6497 |  10 | 1084.4 |
       Ossuary |    431 |    431 |      0 |    137 |    199 |   1 |  431.0 |
               +--------+--------+--------+--------+--------+-----+--------+

Top non-repeatable levels by time:
     D:5: 1543 daAuts
     D:7: 1292 daAuts
     D:6: 1263 daAuts
     D:8: 1192 daAuts
     D:4: 1175 daAuts
     D:9: 977 daAuts
    D:10: 951 daAuts
     D:1: 936 daAuts
     D:2: 802 daAuts
     D:3: 708 daAuts
 Ossuary: 431 daAuts
